 Dungeon Crawl Stone Soup version 0.26.1-2-gb8aa6d0cf2 (webtiles) character file.

Game seed: 13528906579178043439

78 MalarOregon the Grasshopper (level 4, 0/29 HPs)
             Began as a Halfling Warper on Mar 28, 2021.
             Was an Initiate of Gozag.
             Succumbed to Terence's poison
             ... on level 3 of the Dungeon.
             The game lasted 00:08:21 (3706 turns).

MalarOregon the Grasshopper (Halfling Warper)       Turns: 3706, Time: 00:08:22

Health: 0/29       AC:  6    Str: 13    XL:     4   Next: 61%
Magic:  7/7        EV: 15    Int: 11    God:    Gozag
Gold:   109        SH:  0    Dex: 19    Spells: 7/7 levels left

rFire    . . .     SeeInvis .   a - +0 short sword
rCold    . . .     Faith    .   (shield restricted)
rNeg     . . .     Spirit   .   b - +3 leather armour
rPois    .         Reflect  .   (no helmet)
rElec    .         Harm     .   (no cloak)
rCorr    .         Rampage  .   (no gloves)
Will     .....                  (no boots)
Stlth    +.........             (no amulet)
HPRegen  0.09/turn              n - +6 ring of dexterity
MPRegen  0.10/turn              (no ring)

@: mighty, lethally poisoned (0 -> -3), about to teleport, attractive, flying
(expiring)
A: small, mutation resistance 1
a: Renounce Religion, Potion Petition, Call Merchant, Bribe Branch


You were on level 3 of the Dungeon.
You worshipped Gozag.
Gozag was aware of your devotion.
You visited 1 branch of the dungeon, and saw 3 of its levels.

You collected 139 gold pieces.
You paid 30 gold pieces to Gozag.

Inventory:

Hand Weapons
 a - a +0 short sword (weapon)
Missiles
 h - 59 stones (quivered)
Armour
 b - a +3 leather armour (worn)
Jewellery
 k - an uncursed ring of fire
   (You took it off a hobgoblin on level 1 of the Dungeon)
 n - a +6 ring of dexterity (left hand)
   (You found it on level 1 of the Dungeon)
 r - a cursed amulet of inaccuracy
   (You found it on level 2 of the Dungeon)
Scrolls
 c - 3 scrolls of identify {@r1}
 d - a scroll of blinking
 q - a scroll of amnesia


   Skills:
 + Level 2.2 Fighting
 + Level 3.1 Short Blades
 + Level 1.7 Throwing
 + Level 2.0 Armour
 - Level 2.1 Dodging
 + Level 2.0 Spellcasting
 + Level 3.7 Translocations


You had 7 spell levels left.
You didn't know any spells.
Your spell library contained the following spells:

 Spells                   Type           Power        Failure   Level
 Blink                    Tloc           N/A          12%         2
 Gell's Gravitas          Tloc           4%           24%         3
 Lesser Beckoning         Tloc           4%           24%         3
 Teleport Other           Tloc           9%           24%         3
 Passage of Golubria      Tloc           N/A          63%         4


Dungeon Overview and Level Annotations

Branches:
Dungeon (3/15)

Altars:
Gozag

Annotations:
D:3 Terence


Innate Abilities, Weirdness & Mutations

You are small and have problems with some larger weapons.
You are somewhat resistant to further mutation.


Message History

You feel sick.
Okay, then.
Unknown command.
You aren't carrying any potions.
As you read the scroll of teleportation {@r4}, it crumbles to dust.
You feel strangely unstable.
Unknown command.
As you read the scroll labelled GIASMO CIMINEE, it crumbles to dust.
You feel blessed for a moment.
It was a scroll of remove curse.
* * * LOW HITPOINT WARNING * * *
You feel sick.
As you read the scroll labelled PECAEQ POLUELL, it crumbles to dust.
It is a scroll of amnesia.
You feel forgetful for a moment.
Your surroundings suddenly seem different.
Unknown command.
As you read the scroll labelled UNGUGI BODAISS, it crumbles to dust.
It is a scroll of enchant armour.
Your +0 leather armour glows green for a moment.
* * * LOW HITPOINT WARNING * * *
You feel sick.
As you read the scroll labelled POCHYB PYMASUM, it crumbles to dust.
You assume a fearsome visage.
Nothing appears to happen.
It was a scroll of fear.
As you read the scroll labelled QUITAR CESOTERIP, it crumbles to dust.
The air around you briefly surges with heat, but it dissipates.
It was a scroll of immolation.
As you read the scroll labelled USEUPA QENOUSO, it crumbles to dust.
You hear a loud clanging noise!
It was a scroll of noise.
* * * LOW HITPOINT WARNING * * *
You feel sick.
You hear a bark! x3
Unknown command.
As you read the scroll of teleportation {@r4}, it crumbles to dust.
You feel strangely unstable.
Unknown command.
Unknown command.
There is a lethal amount of poison in your body!
You aren't carrying any potions.
You aren't carrying any items that you can evoke.
Okay, then.
You aren't carrying any potions.
As you read the scroll of enchant armour, it crumbles to dust.
Your +1 leather armour glows green for a moment.
You are starting to lose your buoyancy.
As you read the scroll of enchant armour, it crumbles to dust.
Your +2 leather armour glows green for a moment.
You die...
Your body crumbles into a pile of gold.

..# ..# .. ..# #.# ..# ..
..# #.#..# #.. ....#
.#... #...#.# .#....
#@..#.# # #...... ##..#.#
#.##.###.## ....# #
###.#.......####...###.##
................>......#
#.#.####....).........#
#................##...#
#...#.............#...#
#...####..######.##...#


There were no monsters in sight!

Vanquished Creatures
  3 adders
  A worm (D:2)
  A dart slug (D:1)
  3 leopard geckos
  An orc (D:3)
  4 bats
  2 giant cockroaches (D:1)
  5 goblins
  6 hobgoblins
  A jackal (D:2)
  A quokka (D:2)
  A frilled lizard (D:2)
  6 kobolds
  5 rats
40 creatures vanquished.

Notes
Turn   | Place    | Note
-------+----------+-------------------------------------------
     0 | D:1      | MalarOregon the Halfling Warper began the quest for the
                  | Orb.
     0 | D:1      | Reached XP level 1. HP: 14/14 MP: 3/3
   492 | D:1      | Reached XP level 2. HP: 13/19 MP: 4/4
  1474 | D:1      | Reached XP level 3. HP: 24/24 MP: 5/5
  2135 | D:1      | Reached XP level 4. HP: 5/29 MP: 6/6
  3001 | D:2      | Found an opulent altar of Gozag.
  3129 | D:2      | Became a worshipper of Gozag Ym Sagoz the Greedy
  3274 | D:3      | Noticed Terence
  3700 | D:3      | HP: 1/29 [poisoned by Terence]
  3706 | D:3      | Succumbed to Terence's poison

Illustrated notes

Levels and vault maps discovered:
D:1:      psy_arrival_terrarium, layout_basic
D:2:      layout_rooms, overflow_temple_1_default, kennysheep_generic_room_6
D:3:      layout_basic, good_gods_mini_temple, nzn_hepliaklqana_mist_gate,
          chequers_ecumenical_altar_twisty, hex_large, minmay_misc_feat_pillars,
          grunt_ministairs_1, cheibriados_altar_1, uniq_terence

Skill      XL: |  1  2  3  4 |
---------------+-------------+-----
Fighting       | 2 |  2.2
Short Blades   | 3 |  3.1
Armour         | 2 |  2.0
Spellcasting   | 2 |  2.0
Throwing       | |  1.7
Dodging        | |  2.1
Translocations | |  3.7

Action                   |  1- 3 |  4- 6 || total
-------------------------+-------+-------++-------
Melee: Short sword       |   136 |    62 ||   198
Throw: Stone             |    42 |       ||    42
       Boomerang         |       |     5 ||     5
       Dart              |       |     2 ||     2
       Throwing net      |       |     2 ||     2
  Use: Potion            |     2 |     3 ||     5
       Scroll            |       |    13 ||    13
 Stab: Sleeping          |     1 |     1 ||     2
       Invisible         |     2 |     2 ||     4
Armor: Leather armour    |    25 |     3 ||    28
Dodge: Dodged            |   115 |    38 ||   153
